 Dungeon Crawl Stone Soup version 0.31-a0-728-g01b46875f1 (webtiles) character file.

Game seed: 2948371920870464023

56 cforsyth the Trooper (level 4, 0/37 HPs)
             Began as a Djinni Chaos Knight on Sept 11, 2023.
             Was a Plaything of Xom.
             Slain by Jessica
             ... wielding a +0 club
              (10 damage)
             ... on level 2 of the Dungeon.
             The game lasted 00:01:34 (1298 turns).

cforsyth the Trooper (Djinni Chaos Knight)          Turns: 1298, Time: 00:01:35

Health: 0/37       AC:  5    Str: 11    XL:     4   Next: 17%
Gold:   44         EV: 11    Int: 21    God:    Xom [....*.] SH:  0 Dex: 13

rFire   + + .        a - +0 falchion (chaos)
rCold   x . .        (no shield)
rNeg    . . .        b - +2 leather armour
rPois   ∞            (no helmet)
rElec   .            (no cloak)
rCorr   .            (no gloves)
SInv    .            (boots unavailable)
Will    .....        (no amulet)
Stlth   +            d - +6 ring of intelligence
HPRegen 0.26/turn    (no ring)
MPRegen 0.00/turn

%: infuse magic (-1 HP)
@: cleaving, flying
A: sickness immunity, fire resistance 2, cold vulnerability 1, float, innate
caster, HP casting, extra vitality 1
a: Renounce Religion


You were on level 2 of the Dungeon.
You worshipped Xom.
You were a beloved toy of Xom.
You visited 1 branch of the dungeon, and saw 2 of its levels.

You collected 44 gold pieces.

Inventory:

Hand Weapons
 a - a +0 falchion of chaos (weapon)
Armour
 b - a +2 leather armour (worn)
Jewellery
 d - a +6 ring of intelligence (left hand)
Wands
 j - a wand of charming (4)
Scrolls
 c - a scroll of butterflies
 f - 2 scrolls of identify {unknown}
 k - a scroll of revelation {unknown}
Potions
 e - 2 potions of attraction {unknown}
 g - a potion of berserk rage {unknown}
 h - a potion of curing {unknown}
 i - a potion of brilliance {unknown}


   Skills:
 + Level 3.9 Fighting
 - Level 2.6 Long Blades
 - Level 1.0 Armour
 - Level 2.1 Dodging
 + Level 1.6 Spellcasting
 + Level 1.6 Conjurations
 + Level 1.6 Hexes
   Level 0.0 Charms
 + Level 1.6 Summonings
 + Level 1.6 Necromancy
 + Level 1.6 Translocations
 + Level 1.6 Transmutations
 + Level 1.6 Fire Magic
 + Level 1.6 Ice Magic
 + Level 1.6 Air Magic
 + Level 1.6 Earth Magic
 + Level 1.6 Poison Magic


You knew the following spells:

 Your Spells              Type           Power      Damage    Failure   Level
a - Slow                  Hex            32%        N/A       11%         1
Your spell library was empty.

Dungeon Overview and Level Annotations

Branches:
Dungeon (2/15)

Altars:

Annotations:
D:2 Jessica


Innate Abilities, Weirdness & Mutations

You are immune to sickness and miasma.
You are immune to poison.
Your flesh is very heat resistant. (rF++)
You are vulnerable to cold. (rC-)
You float through the air rather than walking.
You learn spells naturally, not from books.
Your magical power is your life essence.
You have superior vitality. (+4 MHP)


Message History

You barely miss the goblin. Xom smiles on you.
Your +0 falchion of chaos looks sharp.
The goblin hits you with a +0 dagger. The goblin closely misses you.
You hit the goblin. Lightning courses through the goblin!!
You kill the goblin!
You hit the goblin. You burn the goblin.
You kill the goblin!
Jessica mumbles some strange words.
Jessica blinks!
Your magical contamination has completely faded away.
You see here a +0 dagger.
Jessica hits you with a +0 club.
Jessica points at you and mumbles some strange words.
Pain shoots through your body!
You hit Jessica but do no damage. Jessica hits you but does no damage.
Jessica hits you with a +0 club.
You hit Jessica.
Jessica's magic leaks into the air.
Jessica is heavily wounded.
Jessica hits you but does no damage.
You closely miss Jessica.
Jessica is heavily wounded.
Jessica hits you with a +0 club. x2
You hit Jessica but do no damage.
Jessica seems to grow stronger.
Jessica is heavily wounded.
Jessica misses you. Jessica hits you with a +0 club!
* * * LOW HITPOINT WARNING * * *
A shower of butterflies erupts from you!
You are too injured to fight recklessly!
You are too injured to fight recklessly!
You are too injured to fight recklessly!
You are too injured to fight recklessly!
You are too injured to fight recklessly!
You are too injured to fight recklessly!
You are too injured to fight recklessly!
You are too injured to fight recklessly!
You hit Jessica. Your punch misses Jessica.
Jessica is almost dead.
Jessica hits you with a +0 club!
You die...

######### ....b...# ############
........# #........... .[....b@#
#.########## +#####
.....b.@#####.# #....... .....
...b.b))#.....###.......
..##############.#...............
.....#...........#...............
'#.###.###########......._.......
.#.....# #########..........###'#
.#########......##..........# #.#
.........#......##....#....## #.#
########.#......##....#.#### #.#


You could see Jessica (fast, strong, ally target, magic disrupted).

Vanquished Creatures
  2 adders (D:2)
  2 endoplasms
  2 giant cockroaches
  3 goblins (D:2)
  A hobgoblin (D:1)
  4 jackals (D:1)
  3 quokkas
  8 ball pythons
  A bat (D:2)
  A frilled lizard (D:1)
  4 kobolds (D:1)
  6 rats
37 creatures vanquished.

Notes
Turn   | Place    | Note
-------+----------+-------------------------------------------
     0 | D:1      | cforsyth the Djinni Chaos Knight began the quest for the
                  | Orb.
     0 | D:1      | Reached XP level 1. HP: 20/20 MP: 0/0
   143 | D:1      | XOM: silly message
   228 | D:1      | XOM: noise
   232 | D:1      | Reached XP level 2. HP: 25/25 MP: 0/0
   256 | D:1      | XOM: butterfly on damage
   463 | D:1      | Reached skill level 1 in Spellcasting
   463 | D:1      | Reached skill level 1 in Conjurations
   463 | D:1      | Reached skill level 1 in Hexes
   463 | D:1      | Reached skill level 1 in Summonings
   463 | D:1      | Reached skill level 1 in Necromancy
   463 | D:1      | Reached skill level 1 in Translocations
   463 | D:1      | Reached skill level 1 in Transmutations
   463 | D:1      | Reached skill level 1 in Fire Magic
   463 | D:1      | Reached skill level 1 in Ice Magic
   463 | D:1      | Reached skill level 1 in Air Magic
   463 | D:1      | Reached skill level 1 in Earth Magic
   463 | D:1      | Reached skill level 1 in Poison Magic
   542 | D:1      | Reached XP level 3. HP: 23/30 MP: 0/0
   542 | D:1      | Learned a level 1 spell: Slow
   631 | D:1      | XOM: smoke on damage
   782 | D:2      | Found a faded altar of an unknown god.
  1104 | D:2      | Reached XP level 4. HP: 25/37 MP: 0/0
  1286 | D:2      | Noticed Jessica
  1290 | D:2      | XOM: cleaving
  1297 | D:2      | XOM: butterfly on damage
  1298 | D:2      | Slain by Jessica

Illustrated notes

Levels and vault maps discovered:
D:1:      heliophobic_arrival_henge, layout_basic, fountainhead,
          chequers_avenue, minmay_shallow_snake_nest
D:2:      layout_basic, ebering_ecumenical_altar_sacrificial, uniq_jessica

Skill      XL: |  1  2 |
---------------+-------+-----
Spellcasting   | 1 |  1.6
Conjurations   | 1 |  1.6
Hexes          | 1 |  1.6
Summonings     | 1 |  1.6
Necromancy     | 1 |  1.6
Translocations | 1 |  1.6
Transmutations | 1 |  1.6
Fire Magic     | 1 |  1.6
Ice Magic      | 1 |  1.6
Air Magic      | 1 |  1.6
Earth Magic    | 1 |  1.6
Poison Magic   | 1 |  1.6
Fighting       | |  3.9
Long Blades    | |  2.6
Armour         | |  1.0
Dodging        | |  2.1

Action                     |  1- 3 |  4- 6 || total
---------------------------+-------+-------++-------
  Melee: Falchion          |    92 |    13 ||   105
         Punch             |     2 |       ||     2
   Cast: Slow              |    10 |     1 ||    11
 Armour: Leather armour    |    64 |    15 ||    79
  Dodge: Dodged            |    69 |     7 ||    76

Table legend: (Time is in decaauts)
 A = Elapsed time spent in this place.
 B = Non-inter-level travel time spent in this place.
 C = Inter-level travel time spent in this place.
 D = Time resting spent in this place.
 E = Time spent auto-exploring this place.
 F = Levels seen in this place.
 G = Mean time per level.
                   A        B        C        D        E       F      G
               +--------+--------+--------+--------+--------+-----+--------+
         Total |   1315 |   1308 |      7 |      0 |   1057 |   2 |  657.5 |
       Dungeon |   1315 |   1308 |      7 |      0 |   1057 |   2 |  657.5 |
               +--------+--------+--------+--------+--------+-----+--------+

Top non-repeatable levels by time:
     D:1: 756 daAuts
     D:2: 558 daAuts
